TOP OF THE 1ST |
Auburn Tigers batting - Pitching for Villanova Wildcats : RHP Armando López
|
Pitching: RHP Armando López
|
|
Batting: RHB Valentín Saldaña
|
0-0: Ball 1-0: Ball 2-0: SINGLE (Line Drive, 6)
|
Batting: RHB Jerry Browning
|
0-0: Swinging Strike Valentín Saldaña is caught stealing 2nd base 0-1: Swinging Strike 0-2: Strikes out swinging
|
Batting: SHB Garrett Waller
|
0-0: Swinging Strike 0-1: Ball 1-1: Swinging Strike 1-2: Ground out 4-3 (Groundball, 4)
|
Top of the 1st over - 0 run(s), 1 hit(s), 0 error(s), 0 left on base; Auburn 0 - Villanova 0 |
BOTTOM OF THE 1ST |
Villanova Wildcats batting - Pitching for Auburn Tigers : RHP Jeremiah Moran
|
Pitching: RHP Jeremiah Moran
|
|
Batting: RHB Juan Romero
|
0-0: Swinging Strike 0-1: Ball 1-1: Foul Ball, location: 2F 1-2: Strikes out swinging
|
Batting: RHB Jonathan Davis
|
0-0: Fly out, F7 (Flyball, 7S)
|
Batting: RHB Robbie Anderson
|
0-0: Called Strike 0-1: Ball 1-1: Swinging Strike 1-2: Strikes out swinging
|
Bottom of the 1st over - 0 run(s), 0 hit(s), 0 error(s), 0 left on base; Auburn 0 - Villanova 0 |
TOP OF THE 2ND |
Auburn Tigers batting - Pitching for Villanova Wildcats : RHP Armando López
|
Batting: RHB Robert Porter
|
0-0: Ball 1-0: Ball 2-0: Foul Ball, location: 2F 2-1: SINGLE (Line Drive, 56D)
|
Batting: SHB Mike Robinson
|
0-0: Called Strike 0-1: Foul Ball, location: 2F 0-2: Ball 1-2: Strikes out swinging
|
Batting: RHB Patrick Stewart
|
0-0: Called Strike 0-1: Ball 1-1: Swinging Strike 1-2: Strikes out swinging
|
Batting: LHB Matt Kennedy
|
0-0: Ball 1-0: Ball 2-0: Called Strike 2-1: Foul Ball, location: 2F 2-2: Fly out, F8 (Flyball, 8RM)
|
Top of the 2nd over - 0 run(s), 1 hit(s), 0 error(s), 1 left on base; Auburn 0 - Villanova 0 |
BOTTOM OF THE 2ND |
Villanova Wildcats batting - Pitching for Auburn Tigers : RHP Jeremiah Moran
|
Batting: RHB Steve Smith
|
0-0: Called Strike 0-1: Foul Ball, location: 2F 0-2: Foul Ball, location: 2F 0-2: Ball 1-2: Ball 2-2: SINGLE (Line Drive, 34D)
|
Batting: RHB Heath Hall
|
0-0: Called Strike 0-1: Ball 1-1: Grounds into double play, 6-4-3 (Groundball, 6)
|
Batting: RHB Jason Smith
|
0-0: Ball 1-0: Swinging Strike 1-1: Swinging Strike 1-2: Ball 2-2: Foul Ball, location: 2F 2-2: Ground out 6-3 (Groundball, 6S)
|
Bottom of the 2nd over - 0 run(s), 1 hit(s), 0 error(s), 0 left on base; Auburn 0 - Villanova 0 |
TOP OF THE 3RD |
Auburn Tigers batting - Pitching for Villanova Wildcats : RHP Armando López
|
Batting: RHB Travis Curtis
|
0-0: Ball 1-0: Fly out, F8 (Line Drive, 8LS)
|
Batting: LHB Glenn Woollams
|
0-0: Bunt missed! 0-1: SINGLE (Groundball, 56) (infield hit)
|
Batting: RHB Valentín Saldaña
|
0-0: Fly out, F9 (Line Drive, 9LM)
|
Batting: RHB Jerry Browning
|
0-0: Called Strike 0-1: Ground out 1-3 (Groundball, 13S)
|
Top of the 3rd over - 0 run(s), 1 hit(s), 0 error(s), 1 left on base; Auburn 0 - Villanova 0 |
BOTTOM OF THE 3RD |
Villanova Wildcats batting - Pitching for Auburn Tigers : RHP Jeremiah Moran
|
Batting: RHB Reynaldo Gómez
|
0-0: SINGLE (Groundball, 56D)
|
Batting: RHB Martín Flores
|
0-0: Foul Ball, location: 2F 0-1: Ball 1-1: Ball 2-1: Fly out, F7 (Flyball, 78M)
|
Batting: SHB Will Combs
|
0-0: Called Strike 0-1: Ball 1-1: Ball 2-1: Foul Ball, location: 2F 2-2: Ball 3-2: SINGLE (Groundball, 4MD) Reynaldo Gómez to second Reynaldo Gómez to third
|
Batting: RHB Juan Romero
|
0-0: Called Strike 0-1: Ball 1-1: Foul Ball, location: 2F 1-2: Fly out, F7 (Line Drive, 78M) Runner from 3rd tags up, SCORES, no throw
|
Batting: RHB Jonathan Davis
|
0-0: Fly out, F5 (Line Drive, 56)
|
Bottom of the 3rd over - 1 run(s), 2 hit(s), 0 error(s), 1 left on base; Auburn 0 - Villanova 1 |
TOP OF THE 4TH |
Auburn Tigers batting - Pitching for Villanova Wildcats : RHP Armando López
|
Batting: SHB Garrett Waller
|
0-0: Ball 1-0: Called Strike 1-1: Ball 2-1: Swinging Strike 2-2: Ball 3-2: Base on Balls
|
Batting: RHB Robert Porter
|
0-0: Called Strike 0-1: Called Strike 0-2: Ball 1-2: Strikes out swinging
|
Batting: SHB Mike Robinson
|
0-0: Ball 1-0: Called Strike 1-1: Foul Ball, location: 2F 1-2: Ball 2-2: Ball 3-2: Foul Ball, location: 2F 3-2: 2-RUN HOME RUN (Flyball, 89XD), Distance : 376 ft
|
Batting: RHB Patrick Stewart
|
0-0: Foul Ball, location: 2F 0-1: Ball 1-1: Called Strike 1-2: Ball 2-2: Foul Ball, location: 2F 2-2: Strikes out swinging
|
Batting: LHB Matt Kennedy
|
0-0: Foul Ball, location: 2F 0-1: Ball 1-1: Fly out, F9 (Flyball, 9)
|
Top of the 4th over - 2 run(s), 1 hit(s), 0 error(s), 0 left on base; Auburn 2 - Villanova 1 |
BOTTOM OF THE 4TH |
Villanova Wildcats batting - Pitching for Auburn Tigers : RHP Jeremiah Moran
|
Batting: RHB Robbie Anderson
|
0-0: Ball 1-0: Called Strike 1-1: Foul Ball, location: 2F 1-2: Ball 2-2: Ball 3-2: Strikes out swinging
|
Batting: RHB Steve Smith
|
0-0: SOLO HOME RUN (Flyball, 78XD), Distance : 378 ft
|
Batting: RHB Heath Hall
|
0-0: Ball 1-0: SINGLE (Line Drive, 4D)
|
Batting: RHB Jason Smith
|
0-0: Called Strike 0-1: Ball 1-1: Foul Ball, location: 2F 1-2: Foul Ball, location: 2F 1-2: Ball 2-2: Fielders Choice at 2nd, 6-4 (Groundball, 56)
|
Batting: RHB Reynaldo Gómez
|
0-0: Ball Jason Smith steals 2nd base 1-0: Called Strike 1-1: Ball 2-1: Ball 3-1: Foul Ball, location: 2F 3-2: Ground out 4-3 (Groundball, 4)
|
Bottom of the 4th over - 1 run(s), 2 hit(s), 0 error(s), 1 left on base; Auburn 2 - Villanova 2 |
TOP OF THE 5TH |
Auburn Tigers batting - Pitching for Villanova Wildcats : RHP Armando López
|
Batting: RHB Travis Curtis
|
0-0: Ball 1-0: SINGLE (Flyball, 78S)
|
Batting: LHB Glenn Woollams
|
0-0: Ball 1-0: Ball 2-0: Ball 3-0: Called Strike 3-1: Base on Balls Travis Curtis to second
|
Batting: RHB Valentín Saldaña
|
0-0: Ball 1-0: Ball 2-0: Ball 3-0: Base on Balls Travis Curtis to third Glenn Woollams to second
|
Batting: RHB Jerry Browning
|
0-0: Called Strike 0-1: Ball 1-1: Ball 2-1: Swinging Strike 2-2: Fly out, F6 (Popup, 6)
|
Batting: SHB Garrett Waller
|
0-0: Ball 1-0: Ball 2-0: Foul Ball, location: 2F 2-1: Ball 3-1: Called Strike 3-2: Foul Ball, location: 2F 3-2: Strikes out looking
|
Pitching: RHP Mathieu Bourbeau
|
|
Batting: RHB Robert Porter
|
0-0: Foul Ball, location: 2F 0-1: Ball 1-1: SINGLE (Groundball, 6) (infield hit) Travis Curtis scores Glenn Woollams to third Valentín Saldaña to second
|
Batting: SHB Mike Robinson
|
0-0: Foul Ball, location: 2F 0-1: Foul Ball, location: 2F 0-2: Ball 1-2: Ball 2-2: Foul Ball, location: 2F 2-2: Foul Ball, location: 2F 2-2: Ball 3-2: Fly out, F9 (Flyball, 9LD)
|
Top of the 5th over - 1 run(s), 2 hit(s), 0 error(s), 3 left on base; Auburn 3 - Villanova 2 |
BOTTOM OF THE 5TH |
Villanova Wildcats batting - Pitching for Auburn Tigers : RHP Jeremiah Moran
|
Batting: RHB Martín Flores
|
0-0: Ball 1-0: Ball 2-0: Ball 3-0: Called Strike 3-1: Ground out 6-3 (Groundball, 6S)
|
Batting: SHB Will Combs
|
0-0: SINGLE (Flyball, 7LM)
|
Batting: RHB Juan Romero
|
0-0: Ball 1-0: Foul Ball, location: 2F 1-1: Called Strike 1-2: Strikes out looking
|
Batting: RHB Jonathan Davis
|
0-0: Ball 1-0: Fly out, F3 (Popup, 3S)
|
Bottom of the 5th over - 0 run(s), 1 hit(s), 0 error(s), 1 left on base; Auburn 3 - Villanova 2 |
TOP OF THE 6TH |
Auburn Tigers batting - Pitching for Villanova Wildcats : RHP Mathieu Bourbeau
|
Batting: RHB Patrick Stewart
|
0-0: Foul Ball, location: 2F 0-1: Ball 1-1: Ball 2-1: Swinging Strike 2-2: Ball 3-2: Base on Balls
|
Batting: LHB Matt Kennedy
|
0-0: Ball 1-0: Grounds into double play, 4-6-3 (Groundball, 4)
|
Batting: RHB Travis Curtis
|
0-0: Called Strike 0-1: Ball 1-1: Ball 2-1: Fly out, F8 (Line Drive, 8LS)
|
Top of the 6th over - 0 run(s), 0 hit(s), 0 error(s), 0 left on base; Auburn 3 - Villanova 2 |
BOTTOM OF THE 6TH |
Villanova Wildcats batting - Pitching for Auburn Tigers : RHP Jeremiah Moran
|
Batting: RHB Robbie Anderson
|
0-0: Called Strike 0-1: Ground out 4-3 (Groundball, 4)
|
Batting: RHB Steve Smith
|
0-0: Ball 1-0: SINGLE (Groundball, 4D)
|
Batting: RHB Heath Hall
|
0-0: Called Strike 0-1: Hit by Pitch Steve Smith to second
|
Batting: RHB Jason Smith
|
0-0: Called Strike 0-1: Reached via error on a dropped throw, E6 Steve Smith to third Heath Hall to second
|
Batting: RHB Reynaldo Gómez
|
0-0: Ball 1-0: Foul Ball, location: 2F 1-1: Ball 2-1: Foul Ball, location: 2F 2-2: Foul Ball, location: 2F 2-2: Fly out, F8 (Flyball, 8RM) Runner from 3rd tags up, SCORES, throw made
|
Batting: RHB Martín Flores
|
0-0: Ball 1-0: Ground out 5-3 (Groundball, 5S)
|
Bottom of the 6th over - 1 run(s), 1 hit(s), 1 error(s), 2 left on base; Auburn 3 - Villanova 3 |
TOP OF THE 7TH |
Auburn Tigers batting - Pitching for Villanova Wildcats : RHP Mathieu Bourbeau
|
Batting: LHB Glenn Woollams
|
0-0: Foul Ball, location: 2F 0-1: Swinging Strike 0-2: Ball 1-2: Strikes out swinging
|
Batting: RHB Valentín Saldaña
|
0-0: Ball 1-0: Ball 2-0: Ball 3-0: Base on Balls
|
Batting: RHB Jerry Browning
|
0-0: Ball 1-0: Called Strike 1-1: Ball Throwing error on steal attempt, E2 Valentín Saldaña to third 2-1: Foul Ball, location: 2F 2-2: Ball 3-2: Ground out U3 (Groundball, 34S)
|
Pitching: RHP Kirk Stewart
|
|
Batting: SHB Garrett Waller
|
0-0: Ball 1-0: Foul Ball, location: 2F 1-1: Called Strike 1-2: Ball 2-2: Reached on error, E9 (Flyball, 89S) Valentín Saldaña scores
|
Batting: RHB Robert Porter
|
0-0: Called Strike 0-1: Ball 1-1: Ball 2-1: Ball 3-1: Foul Ball, location: 2F 3-2: Foul Ball, location: 2F 3-2: Base on Balls
|
Batting: SHB Mike Robinson
|
0-0: Foul Ball, location: 2F 0-1: Ball 1-1: Ball Wild Pitch! Garrett Waller to third Robert Porter to second 2-1: Foul Ball, location: 2F 2-2: Foul Ball, location: 2F 2-2: Strikes out swinging
|
Top of the 7th over - 1 run(s), 0 hit(s), 2 error(s), 2 left on base; Auburn 4 - Villanova 3 |
BOTTOM OF THE 7TH |
Villanova Wildcats batting - Pitching for Auburn Tigers : RHP Jeremiah Moran
|
Pitching: RHP Brandon Davis
|
|
Batting: SHB Will Combs
|
0-0: Called Strike 0-1: Called Strike 0-2: Strikes out swinging, 2-3 out at first.
|
Batting: RHB Juan Romero
|
0-0: Ball 1-0: Swinging Strike 1-1: Called Strike 1-2: Fly out, F8 (Flyball, 8RM)
|
Batting: RHB Jonathan Davis
|
0-0: Called Strike 0-1: Foul Ball, location: 2F 0-2: Fly out, F4 (Flyball, 4D)
|
Bottom of the 7th over - 0 run(s), 0 hit(s), 0 error(s), 0 left on base; Auburn 4 - Villanova 3 |
TOP OF THE 8TH |
Auburn Tigers batting - Pitching for Villanova Wildcats : RHP Kirk Stewart
|
Batting: RHB Patrick Stewart
|
0-0: Ball 1-0: Ball 2-0: Ball 3-0: Called Strike 3-1: Foul Ball, location: 2F 3-2: Strikes out swinging
|
Batting: LHB Matt Kennedy
|
0-0: Ball 1-0: Swinging Strike 1-1: Foul Ball, location: 2F 1-2: Ball 2-2: Strikes out swinging
|
Batting: RHB Travis Curtis
|
0-0: Ball 1-0: Called Strike 1-1: Ball 2-1: Ground out 6-3 (Groundball, 56)
|
Top of the 8th over - 0 run(s), 0 hit(s), 0 error(s), 0 left on base; Auburn 4 - Villanova 3 |
BOTTOM OF THE 8TH |
Villanova Wildcats batting - Pitching for Auburn Tigers : RHP Brandon Davis
|
Pitching: RHP Carl Woodward
|
|
Batting: RHB Robbie Anderson
|
0-0: Called Strike 0-1: Foul Ball, location: 2F 0-2: Ball 1-2: Strikes out swinging
|
Batting: RHB Steve Smith
|
0-0: Called Strike 0-1: Ball 1-1: Swinging Strike 1-2: Ball 2-2: Strikes out looking
|
Batting: RHB Heath Hall
|
0-0: Swinging Strike 0-1: SINGLE (Line Drive, 34)
|
Pitching: RHP Melvin Baker
|
|
Batting: RHB Jason Smith
|
0-0: Foul Ball, location: 2F 0-1: Called Strike 0-2: Strikes out swinging
|
Bottom of the 8th over - 0 run(s), 1 hit(s), 0 error(s), 1 left on base; Auburn 4 - Villanova 3 |
TOP OF THE 9TH |
Auburn Tigers batting - Pitching for Villanova Wildcats : RHP Kirk Stewart
|
Pitching: RHP Bill Pearson
|
|
Batting: LHB Glenn Woollams
|
0-0: Ball 1-0: Ball 2-0: Ball 3-0: Base on Balls
|
Batting: RHB Valentín Saldaña
|
0-0: Ball 1-0: Swinging Strike 1-1: Swinging Strike 1-2: Ball 2-2: Strikes out swinging
|
Pinch Hitting: SHB Bruce MacPherson
|
0-0: Foul Ball, location: 2F 0-1: SINGLE (Groundball, 6D) Glenn Woollams to second
|
Batting: SHB Garrett Waller
|
0-0: Ball 1-0: Foul Ball, location: 2F 1-1: Fly out, F3 (Popup, 34)
|
Batting: RHB Robert Porter
|
0-0: Ball 1-0: Ball 2-0: Called Strike 2-1: SINGLE (Groundball, 15) (infield hit) Glenn Woollams to third Bruce MacPherson to second
|
Batting: SHB Mike Robinson
|
0-0: Foul Ball, location: 2F 0-1: Ball 1-1: Foul Ball, location: 2F 1-2: Ball 2-2: Ball 3-2: Base on Balls Glenn Woollams scores Bruce MacPherson to third Robert Porter to second
|
Batting: RHB Patrick Stewart
|
0-0: Ball 1-0: Ball 2-0: Swinging Strike 2-1: Foul Ball, location: 2F 2-2: Strikes out swinging
|
Top of the 9th over - 1 run(s), 2 hit(s), 0 error(s), 3 left on base; Auburn 5 - Villanova 3 |
BOTTOM OF THE 9TH |
Villanova Wildcats batting - Pitching for Auburn Tigers : RHP Melvin Baker
|
Now at C: Bruce MacPherson
|
|
Batting: RHB Reynaldo Gómez
|
0-0: Called Strike 0-1: SINGLE (Line Drive, 7S)
|
Batting: RHB Martín Flores
|
0-0: Ball 1-0: 2-RUN HOME RUN (Flyball, 7D), Distance : 359 ft
|
Pitching: LHP Bill Mahoney
|
|
Batting: SHB Will Combs
|
0-0: Ball 1-0: Ball 2-0: Ground out 6-3 (Groundball, 6)
|
Batting: RHB Juan Romero
|
0-0: Called Strike 0-1: Ball 1-1: Ground out 4-3 (Groundball, 4)
|
Batting: RHB Jonathan Davis
|
0-0: Ground out 6-3 (Groundball, 6)
|
Bottom of the 9th over - 2 run(s), 2 hit(s), 0 error(s), 0 left on base; Auburn 5 - Villanova 5 |
TOP OF THE 10TH |
Auburn Tigers batting - Pitching for Villanova Wildcats : RHP Bill Pearson
|
Batting: LHB Matt Kennedy
|
0-0: Ball 1-0: Called Strike 1-1: Ground out 4-3 (Groundball, 4)
|
Batting: RHB Travis Curtis
|
0-0: Ball 1-0: Foul Ball, location: 2F 1-1: Ball 2-1: Ball 3-1: Ground out 6-3 (Groundball, 6M)
|
Batting: LHB Glenn Woollams
|
0-0: Called Strike 0-1: Ball 1-1: Ball 2-1: Swinging Strike 2-2: Ball 3-2: Base on Balls
|
Batting: RHB Valentín Saldaña
|
0-0: Ball 1-0: Called Strike 1-1: SINGLE (Line Drive, 4MD) Glenn Woollams to second Runner from 2nd tries for 3rd, SAFE, no throw
|
Batting: SHB Bruce MacPherson
|
0-0: Ball 1-0: Ball 2-0: Called Strike 2-1: Called Strike 2-2: Ball 3-2: Foul Ball, location: 2F 3-2: SINGLE (Line Drive, 78S) Glenn Woollams scores Valentín Saldaña to second Valentín Saldaña to third
|
Batting: SHB Garrett Waller
|
0-0: Ball 1-0: Swinging Strike 1-1: Swinging Strike 1-2: Strikes out looking
|
Top of the 10th over - 1 run(s), 2 hit(s), 0 error(s), 2 left on base; Auburn 6 - Villanova 5 |
BOTTOM OF THE 10TH |
Villanova Wildcats batting - Pitching for Auburn Tigers : LHP Bill Mahoney
|
Batting: RHB Robbie Anderson
|
0-0: Foul Ball, location: 2F 0-1: Swinging Strike 0-2: Ball 1-2: Foul Ball, location: 2F 1-2: Ball 2-2: Strikes out swinging
|
Batting: RHB Steve Smith
|
0-0: SINGLE (Flyball, 8LS)
|
Pitching: LHP Carl Piña
|
|
Batting: RHB Heath Hall
|
0-0: Ball 1-0: Foul Ball, location: 2F 1-1: Ball 2-1: Foul Ball, location: 2F 2-2: Foul Ball, location: 2F 2-2: Foul Ball, location: 2F 2-2: Fly out, F8 (Flyball, 8RM)
|
Batting: RHB Jason Smith
|
0-0: Ball 1-0: Ball 2-0: Swinging Strike 2-1: Ground out 6-3 (Groundball, 6S)
|
Bottom of the 10th over - 0 run(s), 1 hit(s), 0 error(s), 1 left on base; Auburn 6 - Villanova 5 |
|